[Event "Titled Tuesday Blitz May 2 Early 2023"]
[White "Saya, Ethan"]
[Black "Martinez Reyes, Pedro Ramon"]
[WhiteFideId "26095181"]
[BlackFideId "3901807"]
[WhiteElo "2189"]
[BlackElo "2340"]
[Result "1-0"]
[Round "06"]
[TimeControl "180+2"]
[Date "2023.05.02"]
[WhiteClock "0:00:03"]
[BlackClock "0:00:05"]

1. e4 Nc6 2. Nf3 d6 3. d4 Nf6 4. d5 Nb8 5. Nc3 g6 6. h3 Bg7 7. Be3 O-O 8. Qd2 c6 9. Bh6 b6 10. Be2 Bb7 11. Bxg7 Kxg7 12. O-O a6 13. Qd4 Nd7 14. dxc6 Bxc6 15. e5 dxe5 16. Nxe5 Nxe5 17. Qxe5 Qd7 18. Rad1 Qb7 19. f3 b5 20. Bd3 Kg8 21. Rfe1 Rfe8 22. Ne4 Nxe4 23. Bxe4 Rac8 24. c3 b4 25. Bxc6 Rxc6 26. cxb4 Qxb4 27. b3 Rc2 28. Re2 Rxe2 29. Qxe2 a5 30. Qd2 Qc5+ 31. Qd4 Qa3 32. Rd2 e6 33. Rc2 h5 34. Kh2 Qe7 35. Qc5 Qf6 36. Qxa5 Qf4+ 37. Kh1 h4 38. Qd2 Qg3 39. Qf2 Qg5 40. Rc4 Qa5 41. Rxh4 Rd8 42. Qb2 Rd1+ 43. Kh2 Qc7+ 44. g3 e5 45. Rc4 Qd7 46. Rc2 Rd3 47. Rf2 Qd5 48. Qe2 f5 49. h4 e4 50. fxe4 fxe4 51. Qg4 Qd6 52. Rf1 Rd2+ 53. Kh3 e3 54. Qf3 Qd7+ 55. g4 Rd3 56. Qf8+ Kh7 57. Rf7+ 1-0


[Site "https://www.chess.com"]

[Event "Titled Tuesday Blitz May 2 Early 2023"]
[White "Skliarov, Viktor"]
[Black "Stanojevic, Ilija"]
[WhiteFideId "14106736"]
[BlackFideId "959995"]
[WhiteElo "2317"]
[BlackElo "2138"]
[Result "0-1"]
[Round "06"]
[TimeControl "180+2"]
[Date "2023.05.02"]
[WhiteClock "0:00:07"]
[BlackClock "0:00:09"]

1. e4 d6 2. d4 Nf6 3. Nc3 Nbd7 4. f3 e5 5. Nge2 c6 6. Be3 b5 7. Qd2 Qa5 8. g4 Bb7 9. Ng3 g6 10. h4 h5 11. g5 Ng8 12. Bh3 O-O-O 13. O-O f6 14. a4 b4 15. Nce2 Be7 16. c3 b3 17. f4 Ba6 18. f5 fxg5 19. hxg5 h4 20. Nh1 gxf5 21. exf5 exd4 22. Qxd4 Ngf6 23. c4 Rhg8 24. Qxa7 d5 25. Bf4 Bc5+ 26. Qxc5 Qxc5+ 27. Kh2 Ne4 28. g6 Bxc4 29. Rae1 Ndf6 30. Rg1 Nh5 31. Bc1 Kb7 32. Nf4 Nxf4 33. Bxf4 Bd3 34. Be3 Qc2+ 35. Rg2 Qc4 36. Nf2 Nxf2 37. Rxf2 Bxf5 38. Bxf5 Rdf8 39. Ref1 d4 40. Bh6 Rf6 41. Bb1 Rfxg6 42. Bxg6 Rxg6 43. Bf4 Qd3 44. Rf3 Qe2+ 45. R1f2 Qe4 46. Kh3 c5 47. Kh2 Kc6 48. Bd2 c4 49. a5 Qc2 50. Bb4 Qe4 51. a6 Rg3 52. Rxg3 hxg3+ 53. Kxg3 Qe3+ 54. Kg2 Qe4+ 55. Kg1 Kb5 56. a7 Kxb4 57. Rf8 Qe1+ 58. Kg2 Qe2+ 59. Kg1 Qg4+ 60. Kf1 Qh3+ 61. Kg1 Qg4+ 62. Kf1 Qd1+ 63. Kg2 Qd2+ 64. Kg1 Qg5+ 65. Kf1 Qc1+ 66. Kg2 Qxb2+ 67. Kg3 Qa2 68. a8=Q Qxa8 69. Rxa8 b2 70. Rb8+ Kc3 71. Kf2 Kc2 72. Ke2 b1=Q 73. Rxb1 Kxb1 74. Kd2 Kb2 0-1


[Site "https://www.chess.com"]

[Event "Titled Tuesday Blitz May 2 Early 2023"]
[White "Daeschler, Florian"]
[Black "Gontcharov, Vladislav"]
[WhiteFideId "20678193"]
[BlackFideId "4123492"]
[WhiteElo "2221"]
[BlackElo "2420"]
[Result "0-1"]
[Round "06"]
[TimeControl "180+2"]
[Date "2023.05.02"]
[WhiteClock "0:00:06"]
[BlackClock "0:00:21"]

1. d4 Nf6 2. c4 e6 3. g3 Bb4+ 4. Bd2 Qe7 5. Nf3 O-O 6. Bg2 a5 7. O-O b6 8. Nc3 Bb7 9. Rc1 Na6 10. a3 Bxc3 11. Bxc3 d6 12. d5 exd5 13. Nd4 Rfe8 14. Re1 Nc5 15. Nf5 Qd7 16. Nh6+ Kf8 17. Bxf6 gxf6 18. cxd5 Re5 19. e4 Rae8 20. Nf5 Rxf5 21. exf5 Rxe1+ 22. Qxe1 Nd3 23. Qd2 Nxc1 24. Qxc1 Ke8 25. g4 Kd8 26. Qh6 Qe7 27. Qe3 Qe5 28. Qxe5 dxe5 29. Kf1 Kd7 30. h4 h6 31. Ke2 Kd6 32. Kd3 Bxd5 33. Bf1 c5 34. Be2 b5 35. Kc3 c4 36. b3 Kc5 37. b4+ axb4+ 38. axb4+ Kd6 39. Bd1 Be4 40. Be2 Kd5 41. f3 Bb1 42. Kb2 Bd3 43. Bxd3 cxd3 44. Kc3 d2 45. Kxd2 Kc4 46. Ke3 Kxb4 47. h5 Kc5 48. f4 exf4+ 49. Kxf4 Kd6 0-1


[Site "https://www.chess.com"]

[Event "Titled Tuesday Blitz May 2 Early 2023"]
[White "Bartel, Michal"]
[Black "Avazkhonov, Alikhon"]
[WhiteFideId "1119257"]
[BlackFideId "14208504"]
[WhiteElo "2282"]
[BlackElo "1739"]
[Result "1-0"]
[Round "06"]
[TimeControl "180+2"]
[Date "2023.05.02"]
[WhiteClock "0:01:37"]
[BlackClock "0:00:06"]

1. e4 c5 2. Ne2 d6 3. g3 Nf6 4. Bg2 g6 5. c3 Bg7 6. d4 O-O 7. O-O Nc6 8. h3 e5 9. Be3 b6 10. Nd2 Bb7 11. g4 cxd4 12. cxd4 Re8 13. d5 Ne7 14. Qb3 Ba6 15. Rfe1 Rc8 16. Qa3 Bxe2 17. Rxe2 Qd7 18. b3 Rc2 19. Bf1 Rec8 20. f3 h6 21. Nc4 Rxe2 22. Bxe2 b5 23. Nxd6 Rc2 24. Bxb5 Qc7 25. Nc4 h5 26. Qxa7 Qxa7 27. Bxa7 hxg4 28. hxg4 Nfxd5 29. exd5 Nxd5 30. Rd1 Nf4 31. Ne3 Rxa2 32. Bc5 Nh3+ 33. Kf1 Rf2+ 34. Ke1 Rxf3 35. Be2 Rg3 36. Rd8+ Kh7 37. b4 e4 38. Kd2 Nf4 39. Bd6 Bh6 40. Kc2 Nxe2 41. Bxg3 Nxg3 42. Nd5 Bg5 43. Rd7 Kg7 44. b5 Ne2 45. b6 Nd4+ 46. Kc3 e3 47. Nxe3 Bxe3 48. Rxd4 Bf2 49. b7 Bg3 50. Rd8 Kf6 51. b8=Q Bxb8 52. Rxb8 Kg5 53. Rf8 Kxg4 54. Rxf7 1-0


[Site "https://www.chess.com"]

[Event "Titled Tuesday Blitz May 2 Early 2023"]
[White "Gracia Alvarez, Gerardo Antonio"]
[Black "Pham, Khoi"]
[WhiteFideId "5109124"]
[BlackFideId "1054988"]
[WhiteElo "2160"]
[BlackElo "2355"]
[Result "0-1"]
[Round "06"]
[TimeControl "180+2"]
[Date "2023.05.02"]
[WhiteClock "0:00:02"]
[BlackClock "0:00:11"]

1. e4 c6 2. d4 d5 3. Nc3 dxe4 4. Nxe4 Nf6 5. Nxf6+ exf6 6. Bd3 Bd6 7. Qh5 Be6 8. Ne2 Nd7 9. Bf4 Qc7 10. Bxd6 Qxd6 11. O-O f5 12. c3 O-O 13. Qh4 Nf6 14. Ng3 f4 15. Nh5 Nxh5 16. Qxh5 h6 17. Rfe1 Rfe8 18. Re5 Bd5 19. Qf5 f6 20. Ree1 Kf8 21. h4 Re7 22. Rxe7 Qxe7 23. Qxf4 Re8 24. c4 Bf7 25. a3 Rd8 26. Rd1 Kg8 27. Qd2 Qc7 28. g3 Qb6 29. Bf1 Qb3 30. Rc1 Qf3 31. Rc3 Qg4 32. d5 cxd5 33. c5 d4 34. Rc1 Bd5 35. Bg2 Bxg2 36. Kxg2 d3 37. Rc3 Qe4+ 38. Kg1 Qe2 39. Qc1 d2 0-1


[Site "https://www.chess.com"]

[Event "Titled Tuesday Blitz May 2 Early 2023"]
[White "Bogaudinov, Rushan"]
[Black "Loiacono, Antonio"]
[WhiteFideId "4129288"]
[BlackFideId "895415"]
[WhiteElo "1967"]
[BlackElo "2257"]
[Result "0-1"]
[Round "06"]
[TimeControl "180+2"]
[Date "2023.05.02"]
[WhiteClock "0:00:12"]
[BlackClock "0:00:45"]

1. a3 g6 2. d4 Bg7 3. e3 Nf6 4. c4 O-O 5. Nf3 c5 6. dxc5 a5 7. Nc3 Na6 8. Na4 Ne4 9. Nb6 Rb8 10. Nxc8 Rxc8 11. Be2 Naxc5 12. O-O a4 13. Rb1 d6 14. Nd2 Nxd2 15. Bxd2 Nb3 16. Bb4 Qd7 17. Bg4 f5 18. Bf3 Kh8 19. Be2 Rfd8 20. h4 Bf6 21. h5 Kg7 22. g3 Qe6 23. Kg2 Qe4+ 24. Bf3 Qxc4 25. Bxb7 Rb8 26. Bd5 Qb5 27. Bxb3 axb3 28. Qxb3 Qc6+ 29. Kg1 gxh5 30. Rbd1 Qf3 31. Qd5 Qg4 32. Rc1 Rdc8 33. Qe6 Rxc1 34. Rxc1 h4 35. Rc4 Qd1+ 36. Kg2 h3+ 37. Kh2 Qf3 38. Rg4+ fxg4 0-1


[Site "https://www.chess.com"]

[Event "Titled Tuesday Blitz May 2 Early 2023"]
[White "Sousa, Andre Ventura"]
[Black "Arnold, Ken"]
[WhiteFideId "1917617"]
[BlackFideId "2056836"]
[WhiteElo "2348"]
[BlackElo "2355"]
[Result "1-0"]
[Round "06"]
[TimeControl "180+2"]
[Date "2023.05.02"]
[WhiteClock "0:01:44"]
[BlackClock "0:01:10"]

1. e4 c6 2. d4 d5 3. Nd2 dxe4 4. Nxe4 Nf6 5. Nxf6+ exf6 6. Be3 Bd6 7. Bd3 Qc7 8. Ne2 Be6 9. c4 Bb4+ 10. Nc3 O-O 11. O-O Rd8 12. c5 Bxc3 13. bxc3 Nd7 14. Qh5 g6 15. Qh4 f5 16. Bg5 Re8 17. Rfe1 b6 18. cxb6 axb6 19. Re3 Nf8 20. Qh6 f6 21. Bxf6 Qf7 22. Be5 Bxa2 23. h4 Bd5 24. Rae1 Nd7 25. Bf4 Rxe3 26. Rxe3 Re8 27. Rg3 Be4 28. h5 Bxd3 29. hxg6 1-0


[Site "https://www.chess.com"]

[Event "Titled Tuesday Blitz May 2 Early 2023"]
[White "Gutkin, Ilya"]
[Black "Hajiyev, Kanan"]
[WhiteFideId "16203470"]
[BlackFideId "13404148"]
[WhiteElo "2265"]
[BlackElo "2103"]
[Result "1-0"]
[Round "06"]
[TimeControl "180+2"]
[Date "2023.05.02"]
[WhiteClock "0:00:13"]
[BlackClock "0:00:16"]

1. Nf3 d5 2. g3 Nf6 3. Bg2 g6 4. b3 Bg7 5. Bb2 O-O 6. c4 c6 7. O-O Bg4 8. d3 Qc8 9. Re1 Bh3 10. Bh1 h6 11. Nbd2 Nbd7 12. e4 dxc4 13. dxc4 Rd8 14. e5 Ng4 15. Qc2 Nc5 16. Bc3 Nd3 17. Re2 Qc7 18. e6 f5 19. Bxg7 Kxg7 20. Qc3+ Kh7 21. Nh4 Qb6 22. c5 Nxc5 23. Nc4 Qc7 24. Qc2 Nd3 25. Rd1 Nb4 26. Qb1 Rxd1+ 27. Qxd1 Rd8 28. Rd2 Nd3 29. Rxd3 Rxd3 30. Qxd3 b5 31. Ne3 Qe5 32. Nf3 Qa1+ 33. Qd1 Qxa2 34. Nxg4 Bxg4 35. Bg2 f4 36. h3 Bxe6 37. gxf4 Qxb3 38. Qd8 Qc4 39. Qxe7+ Bf7 40. Ne5 Qc1+ 41. Bf1 Qxf4 42. Qxf7+ Qxf7 43. Nxf7 a5 44. Ne5 a4 45. Nxc6 a3 46. Nb4 Kg7 47. Bxb5 Kf6 48. Bc4 Ke5 49. Nc2 Kd6 50. Nxa3 Kc5 51. Bf7 Kb4 52. Bxg6 Kxa3 53. f4 Kb4 54. f5 Kc5 55. f6 Kd6 56. Bf5 Ke5 57. f7 Kxf5 58. f8=Q+ Kg5 59. Qg8+ Kf6 60. Qg4 Kf7 61. Kg2 Kf6 62. Kg3 Kf7 63. Kh4 Kf6 64. Kh5 Kf7 65. Kxh6 Kf6 66. Qf4+ Ke6 67. Kg5 Kd5 68. Qe3 Kc4 69. Qd2 Kb3 70. Qc1 Kb4 71. Kf5 Kb5 72. Ke5 Kb6 73. Kd5 Kb5 74. Qb2+ Ka4 75. Kc5 Ka5 76. Qa2# 1-0


[Site "https://www.chess.com"]

[Event "Titled Tuesday Blitz May 2 Early 2023"]
[White "Delorme, Alban"]
[Black "Arencibia Monduy, Antonio"]
[WhiteFideId "623636"]
[BlackFideId "3507939"]
[WhiteElo "2196"]
[BlackElo "2122"]
[Result "1-0"]
[Round "06"]
[TimeControl "180+2"]
[Date "2023.05.02"]
[WhiteClock "0:00:44"]
[BlackClock "0:00:02"]

1. e4 c5 2. Nf3 d6 3. d4 cxd4 4. Nxd4 Nf6 5. Nc3 a6 6. Bg5 e6 7. f4 Be7 8. Qf3 Qc7 9. O-O-O Nbd7 10. g4 b5 11. Bxf6 Nxf6 12. g5 Nd7 13. f5 Bxg5+ 14. Kb1 Ne5 15. Qh5 Bf6 16. Nxe6 Bxe6 17. fxe6 O-O 18. Nd5 Qd8 19. exf7+ Rxf7 20. Bh3 g6 21. Qe2 Kg7 22. Rhf1 Nc4 23. c3 Raa7 24. Nf4 Kh8 25. Nd5 Be5 26. Be6 Rxf1 27. Rxf1 Bg7 28. Qf2 Ra8 29. h4 a5 30. h5 gxh5 31. Qf7 Qe8 32. Qxe8+ Rxe8 33. Bd7 Nd2+ 34. Kc2 Nxf1 35. Bxe8 h4 36. Nf4 Be5 37. Nh3 Ne3+ 38. Kd3 Nc4 39. b3 Na3 40. Bd7 b4 41. cxb4 axb4 42. Bf5 Kg7 43. Ng5 h6 44. Nf3 Kf6 45. Nxh4 Kg5 46. Nf3+ Kf4 47. Nh4 h5 48. Ke2 Nb5 49. Kd3 Nd4 50. Kc4 Nxf5 51. exf5 Kg5 52. Ng2 Kxf5 53. Kxb4 Kg4 54. Kc4 Kg3 55. Ne3 Kf4 56. Nf1 Kf3 57. a4 1-0


[Site "https://www.chess.com"]

[Event "Titled Tuesday Blitz May 2 Early 2023"]
[White "Pujari, Rucha"]
[Black "Isanzhulov, Arystan"]
[WhiteFideId "5024528"]
[BlackFideId "13711644"]
[WhiteElo "2129"]
[BlackElo "2464"]
[Result "1-0"]
[Round "06"]
[TimeControl "180+2"]
[Date "2023.05.02"]
[WhiteClock "0:00:12"]
[BlackClock "0:01:00"]

1. d4 f5 2. c4 Nf6 3. Nf3 g6 4. g3 Bg7 5. Bg2 O-O 6. O-O d6 7. Nc3 Qe8 8. d5 e5 9. dxe6 Bxe6 10. Nd4 Bc8 11. Bg5 c6 12. Re1 h6 13. Bf4 Qd8 14. h4 Na6 15. Nxc6 bxc6 16. Bxc6 Rb8 17. Bxd6 Rxb2 18. Bxf8 Qxf8 19. Qc1 Rb6 20. Bf3 Kh7 21. Rb1 Nc5 22. Rb5 Ba6 23. Rxb6 axb6 24. Nd5 Nfe4 25. h5 gxh5 26. Bxh5 Bd4 27. e3 Nd3 28. Qb1 Nxe1 29. exd4 Bxc4 30. Nf4 Qg7 31. Qxe1 Qxd4 32. Bg6+ Kg7 33. Bxf5 Ng5 34. Qe7+ Bf7 35. Ne6+ Nxe6 36. Bxe6 Qf6 37. Qxf7+ Qxf7 38. Bxf7 Kxf7 39. Kg2 Ke6 40. f4 Kf5 41. Kf3 h5 42. a4 Kf6 43. g4 hxg4+ 44. Kxg4 Kg6 45. Kf3 Kf5 46. Ke3 Kf6 47. Ke4 Ke6 48. f5+ Kf6 49. Kf4 Kf7 50. Ke5 Ke7 51. Kd5 Kf6 52. Kc6 Kxf5 53. Kxb6 Ke6 54. a5 Kd7 55. Kb7 Kd6 56. a6 Kc5 57. a7 Kb4 58. a8=Q Kb5 59. Qc8 Kb4 60. Qc6 Ka5 61. Qb6+ Ka4 62. Kc6 Ka3 63. Kc5 Ka2 64. Kc4 Ka1 65. Kc3 Ka2 66. Qb2# 1-0


[Site "https://www.chess.com"]

[Event "Titled Tuesday Blitz May 2 Early 2023"]
[White "Dehtiarov, Roman"]
[Black "Sai Han Thiha"]
[WhiteFideId "14186640"]
[BlackFideId "13012290"]
[WhiteElo "2189"]
[BlackElo "1954"]
[Result "0-1"]
[Round "06"]
[TimeControl "180+2"]
[Date "2023.05.02"]
[WhiteClock "0:00:06"]
[BlackClock "0:00:11"]

1. c4 Nf6 2. Nc3 g6 3. g3 Bg7 4. Bg2 O-O 5. e4 c5 6. Nge2 Nc6 7. d3 Ne8 8. O-O Nc7 9. Be3 Ne6 10. h3 Rb8 11. f4 Ned4 12. Kh2 a6 13. a4 d6 14. Rb1 Bd7 15. g4 e6 16. Ng3 f5 17. gxf5 exf5 18. Nd5 Qh4 19. Bf2 Qh6 20. exf5 Nxf5 21. Nxf5 Bxf5 22. Bg3 Rbe8 23. b4 cxb4 24. Nxb4 Nd4 25. Nd5 Ne2 26. Qe1 Nxg3 27. Qxg3 Rf7 28. Ne3 Bxd3 29. Rxb7 Rxb7 30. Bxb7 Bxf1 31. Nxf1 Qh5 32. Bf3 Qf5 33. Bd5+ Kh8 34. Ne3 Qd3 35. Ng2 Qxg3+ 36. Kxg3 Bh6 37. Kf3 a5 38. Ne3 Rf8 39. Ng2 Rb8 40. Ne3 Rf8 41. Ng2 Kg7 42. Kg4 Rb8 43. Nh4 Rb4 44. f5 Rxa4 45. fxg6 hxg6 46. Nf3 Rb4 47. Nd4 Bc1 48. Ne6+ Kf6 49. Nc7 a4 50. Kf3 a3 51. c5 dxc5 52. Bg8 Rb2 53. Nd5+ Ke5 54. Nc3 Bd2 55. Nd1 a2 56. Nxb2 a1=Q 57. Nc4+ Kd4 58. Nxd2 Qc3+ 59. Ke2 Qe3+ 60. Kd1 Kd3 61. Bc4+ Kc3 62. Nb1+ Kxc4 63. h4 Kd3 0-1


[Site "https://www.chess.com"]

[Event "Titled Tuesday Blitz May 2 Early 2023"]
[White "Chirivi C, Jenny Astrid"]
[Black "Klukin, Kirill"]
[WhiteFideId "4403061"]
[BlackFideId "24199273"]
[WhiteElo "2001"]
[BlackElo "2344"]
[Result "0-1"]
[Round "06"]
[TimeControl "180+2"]
[Date "2023.05.02"]
[WhiteClock "0:00:04"]
[BlackClock "0:00:32"]

1. d4 c6 2. c4 d5 3. Nf3 e6 4. Qc2 dxc4 5. Qxc4 Nf6 6. g3 b5 7. Qc2 Bb7 8. Bg2 Nbd7 9. O-O Rc8 10. Rd1 c5 11. dxc5 Bxc5 12. Qb3 Qb6 13. e3 Bd5 14. Qd3 O-O 15. Nc3 Bc4 16. Qc2 Nd5 17. Ne4 Be7 18. Qd2 N7f6 19. Nxf6+ Nxf6 20. Nd4 Rfd8 21. Qe1 Bc5 22. Nb3 Be7 23. Bd2 b4 24. e4 a5 25. Be3 Qa6 26. Rxd8+ Rxd8 27. Rd1 Rc8 28. Nd2 Bxa2 29. Rc1 Rd8 30. b3 a4 31. bxa4 b3 32. e5 Nd5 33. Bxd5 Rxd5 34. Nc4 h6 35. Qc3 Qxa4 36. Nb6 Qe4 37. Nxd5 Qxd5 38. Qc4 Qxc4 39. Rxc4 b2 40. Rc8+ Kh7 41. Rb8 b1=Q+ 0-1


[Site "https://www.chess.com"]

[Event "Titled Tuesday Blitz May 2 Early 2023"]
[White "Orlov, Georgi"]
[Black "Tymrakiewicz, Rafal"]
[WhiteFideId "2011271"]
[BlackFideId "1108832"]
[WhiteElo "2453"]
[BlackElo "2151"]
[Result "1-0"]
[Round "06"]
[TimeControl "180+2"]
[Date "2023.05.02"]
[WhiteClock "0:00:31"]
[BlackClock "0:00:06"]

1. d4 d5 2. Nf3 Bf5 3. c4 e6 4. Qb3 Nc6 5. cxd5 exd5 6. Bg5 Nf6 7. Nc3 Nb4 8. Rc1 a5 9. a3 a4 10. Nxa4 Nc6 11. Qxb7 Na5 12. Bxf6 gxf6 13. Qxc7 Qxc7 14. Rxc7 Bd6 15. Rc3 Nc4 16. e4 Rxa4 17. exf5 Kd7 18. Bxc4 dxc4 19. Kd2 Re8 20. Re1 Bf4+ 21. Kc2 Rg8 22. g3 Bd6 23. Nd2 Rc8 24. Re4 Kc6 25. Nf1 Kd5 26. f3 Bf8 27. Ne3+ Kd6 28. d5 Bh6 29. f4 Kd7 30. Rexc4 Raxc4 31. Rxc4 Re8 32. Kd3 Bf8 33. b4 Bd6 34. Rc6 h5 35. Nc4 Bb8 36. Rxf6 h4 37. Rxf7+ Kd8 38. d6 Rh8 39. Na5 Bxd6 40. Nb7+ Kc8 41. Nxd6+ Kd8 42. Ra7 Rh5 43. g4 Rh6 44. Nf7+ Kc8 45. Nxh6 1-0


[Site "https://www.chess.com"]

[Event "Titled Tuesday Blitz May 2 Early 2023"]
[White "Pajeken, Jakob Leon"]
[Black "Garakov, Mikhael"]
[WhiteFideId "12942839"]
[BlackFideId "4169034"]
[WhiteElo "2414"]
[BlackElo "2347"]
[Result "0-1"]
[Round "06"]
[TimeControl "180+2"]
[Date "2023.05.02"]
[WhiteClock "0:00:30"]
[BlackClock "0:00:06"]

1. d4 Nf6 2. Nf3 g6 3. g3 Bg7 4. Bg2 O-O 5. O-O c5 6. dxc5 Na6 7. Be3 Ne4 8. Bd4 Bh6 9. a3 Naxc5 10. b4 Ne6 11. Bb2 d5 12. Nd4 Bg7 13. Nxe6 Bxe6 14. Bxg7 Kxg7 15. Bxe4 dxe4 16. e3 Rc8 17. Nd2 Qd5 18. c4 Qf5 19. Qe2 Rfd8 20. Rfd1 Rd3 21. c5 Rcd8 22. Nf1 Qh3 23. Rxd3 Rxd3 24. f3 exf3 25. Qxf3 Bd5 26. Qf2 Qe6 27. Qf4 h6 28. h4 Bc6 29. Re1 f5 30. Ra1 Qd5 31. Kf2 Qg2+ 32. Ke1 Bf3 33. Ra2 Rd1# 0-1


[Site "https://www.chess.com"]

[Event "Titled Tuesday Blitz May 2 Early 2023"]
[White "Shubenkova, Veronika"]
[Black "Iskusnyh, Sergei"]
[WhiteFideId "44124040"]
[BlackFideId "4120027"]
[WhiteElo "2027"]
[BlackElo "2492"]
[Result "0-1"]
[Round "06"]
[TimeControl "180+2"]
[Date "2023.05.02"]
[WhiteClock "0:00:09"]
[BlackClock "0:00:17"]

1. e4 e6 2. d4 d5 3. exd5 exd5 4. Nf3 Bd6 5. c3 c5 6. Bd3 Nf6 7. O-O O-O 8. Nbd2 Nc6 9. dxc5 Bxc5 10. Nb3 Bb6 11. h3 Ne4 12. Bf4 Qf6 13. Qc1 Bf5 14. Be3 Nxc3 15. bxc3 Bxd3 16. Rd1 Be2 17. Rxd5 Bxf3 18. gxf3 Qxf3 19. Rg5 Bxe3 20. Qxe3 Qxe3 21. fxe3 Rfe8 22. Kf2 Ne5 23. Rag1 g6 24. Nc5 Rac8 25. Ne4 Rc6 26. Rd1 Kg7 27. Nd6 Re6 28. Nxb7 Rxc3 29. Rg3 Rc2+ 30. Kg1 Rf6 31. Rf1 Rxf1+ 32. Kxf1 Rxa2 33. Nd6 a5 34. e4 a4 35. Ne8+ Kf8 36. Nf6 h5 37. Nd5 Nc4 38. Rc3 Nd2+ 39. Ke1 Nxe4 40. Rc8+ Kg7 41. Re8 Ng5 42. h4 Nf3+ 43. Kf1 Nh2+ 44. Kg1 Nf3+ 45. Kf1 Nxh4 46. Ra8 Nf5 47. Ra7 a3 48. Nf4 Ne3+ 49. Kg1 Nc4 50. Ne6+ Kf6 51. Nd4 Rd2 52. Nb3 Rb2 53. Nc5 a2 54. Ra6+ Kg7 0-1


[Site "https://www.chess.com"]

[Event "Titled Tuesday Blitz May 2 Early 2023"]
[White "Janaszak, Dawid"]
[Black "Bashkansky, Ethan"]
[WhiteFideId "1119206"]
[BlackFideId "2071533"]
[WhiteElo "2220"]
[BlackElo "2101"]
[Result "1-0"]
[Round "06"]
[TimeControl "180+2"]
[Date "2023.05.02"]
[WhiteClock "0:01:28"]
[BlackClock "0:00:06"]

1. e4 c6 2. b3 d5 3. Bb2 dxe4 4. Nc3 Nf6 5. Qe2 Bf5 6. O-O-O Nbd7 7. h3 h5 8. f3 Nc5 9. Qf2 e6 10. g4 hxg4 11. fxg4 Nxg4 12. hxg4 Rxh1 13. gxf5 exf5 14. Bg2 Rh5 15. Nge2 g6 16. Nf4 Rh7 17. d3 exd3 18. Nxd3 Nxd3+ 19. Rxd3 Qg5+ 20. Kb1 Be7 21. Bc1 Qg4 22. Bf3 Qh4 23. Qe2 Kf8 24. Rd7 Qf6 25. Rxb7 Re8 26. Qc4 Rh3 27. Qxc6 Qxc6 28. Bxc6 Rc8 29. Nd5 Rxc6 30. Nxe7 Rh2 31. Nxc6 1-0


[Site "https://www.chess.com"]

[Event "Titled Tuesday Blitz May 2 Early 2023"]
[White "Myers, Dominique"]
[Black "Vitenberg, Noam Aviv"]
[WhiteFideId "2041715"]
[BlackFideId "1532138"]
[WhiteElo "1934"]
[BlackElo "2236"]
[Result "0-1"]
[Round "06"]
[TimeControl "180+2"]
[Date "2023.05.02"]
[WhiteClock "0:01:09"]
[BlackClock "0:00:06"]

1. e4 a6 2. d4 b5 3. Bd3 Bb7 4. Qe2 e6 5. Nd2 Nf6 6. f4 d5 7. e5 Nfd7 8. Ngf3 c5 9. c3 Nc6 10. O-O Qb6 11. f5 cxd4 12. cxd4 Nxd4 13. Nxd4 Qxd4+ 14. Kh1 Nxe5 15. fxe6 fxe6 16. Nf3 Qxd3 17. Qe1 Nxf3 18. Qxe6+ Be7 19. Bf4 Nd4 20. Qb6 O-O 21. Qxb7 Nf5 22. Rad1 Qc4 23. b3 Qe4 24. Rde1 Qd3 25. Rd1 Qc2 26. Qxd5+ Kh8 27. Rd2 Qc5 28. Qe4 Rae8 29. Qb1 Qb4 30. Re2 Nd4 31. Re4 Bf6 32. Be3 Qc3 33. Rc1 Qxe3 34. Rxe3 Rxe3 35. h3 Rfe8 36. Rf1 Ne2 37. Qf5 Ng3+ 38. Kh2 Nxf5 39. Rxf5 Be5+ 40. g3 Re2+ 41. Kg1 Bf6 42. h4 Rb2 43. Rf1 Rc8 44. a4 Rcc2 45. axb5 Rg2+ 0-1


[Site "https://www.chess.com"]

[Event "Titled Tuesday Blitz May 2 Early 2023"]
[White "Pham, Le Thao Nguyen"]
[Black "Toktomushev, Teimur"]
[WhiteFideId "12401226"]
[BlackFideId "14176726"]
[WhiteElo "2286"]
[BlackElo "2116"]
[Result "1-0"]
[Round "06"]
[TimeControl "180+2"]
[Date "2023.05.02"]
[WhiteClock "0:01:06"]
[BlackClock "0:00:01"]

1. d4 d5 2. Nf3 Nf6 3. c4 e6 4. Nc3 Be7 5. Bg5 O-O 6. e3 h6 7. Bh4 b6 8. cxd5 Nxd5 9. Bxe7 Qxe7 10. Nxd5 exd5 11. Qd2 Bb7 12. Bd3 c5 13. O-O Nd7 14. Rac1 Rac8 15. Bf5 Rc7 16. Rfd1 Rd8 17. h3 g6 18. Bxd7 Rdxd7 19. b3 Rd8 20. a4 Qf6 21. a5 Rd6 22. Rc2 Rdc6 23. Ne5 Rd6 24. Rdc1 Qf5 25. Ng4 Kg7 26. dxc5 bxc5 27. Rxc5 Rxc5 28. Qd4+ f6 29. Qxc5 Qd7 30. Qxa7 1-0


[Site "https://www.chess.com"]

[Event "Titled Tuesday Blitz May 2 Early 2023"]
[White "Minko, Dmitry"]
[Black "Petrova, Irina"]
[WhiteFideId "24188468"]
[BlackFideId "14124122"]
[WhiteElo "2147"]
[BlackElo "2084"]
[Result "0-1"]
[Round "06"]
[TimeControl "180+2"]
[Date "2023.05.02"]
[WhiteClock "0:00:01"]
[BlackClock "0:00:24"]

1. e4 e5 2. Nf3 Nc6 3. d4 exd4 4. Nxd4 Nf6 5. Nc3 Bb4 6. Nxc6 bxc6 7. Bd3 O-O 8. O-O d5 9. exd5 cxd5 10. Bg5 c6 11. Qf3 Be7 12. h3 h6 13. Bf4 Re8 14. Rfe1 Be6 15. Ne2 c5 16. c3 Bd6 17. Bxd6 Qxd6 18. Nf4 Rab8 19. b3 Bd7 20. Rad1 Bc6 21. Qg3 Rxe1+ 22. Rxe1 Ne4 23. Qg4 Nf6 24. Qg3 Ne4 25. Bxe4 dxe4 26. Qe3 Rd8 27. h4 Qd2 28. Qe2 Qxf4 29. Qc4 Qxh4 30. Qxc5 Qf6 31. b4 Rd2 32. b5 Bxb5 33. Rxe4 Rd1+ 34. Kh2 Qd6+ 35. Re5 Qxc5 36. Rxc5 Bf1 37. Rc8+ Kh7 38. Rc7 Rc1 39. Rxa7 Rxc3 40. Rxf7 Rc2 41. a4 Ra2 42. Rf4 g5 43. Rb4 Rxf2 44. Kg1 Rf6 45. a5 Ba6 46. Rd4 Kg6 47. Kh2 h5 48. Kg3 h4+ 49. Kh2 Kh5 50. Rd7 Rf5 51. Kh3 Rxa5 52. g4+ hxg3 53. Kxg3 Ra3+ 54. Kh2 Kh4 55. Rh7+ Kg4 56. Rd7 Ra2+ 57. Kg1 Kg3 58. Rd1 g4 59. Rd3+ Bxd3 60. Kh1 Ra1# 0-1


[Site "https://www.chess.com"]

[Event "Titled Tuesday Blitz May 2 Early 2023"]
[White "Bilan, Danila"]
[Black "Dwilewicz, Katarzyna"]
[WhiteFideId "24161918"]
[BlackFideId "1148486"]
[WhiteElo "2182"]
[BlackElo "2065"]
[Result "1-0"]
[Round "06"]
[TimeControl "180+2"]
[Date "2023.05.02"]
[WhiteClock "0:00:06"]
[BlackClock "0:00:02"]

1. d4 d5 2. Nf3 c6 3. c4 g6 4. Nc3 Bg7 5. cxd5 cxd5 6. Bf4 a6 7. e3 Nf6 8. Qb3 O-O 9. Bd3 Nc6 10. O-O b5 11. Ne5 Bb7 12. a4 Na5 13. Qb4 Nh5 14. axb5 axb5 15. Qxb5 Nxf4 16. exf4 Bxe5 17. fxe5 Ba6 18. Qxa5 Bxd3 19. Qxd8 Rfxd8 20. Rfd1 Bc4 21. f3 e6 22. Kf2 Rdb8 23. Rxa8 Rxa8 24. Ke3 Kf8 25. Kd2 Ke7 26. Kc2 Rb8 27. Ra1 Bb3+ 28. Kc1 Bc4 29. Ra7+ Kf8 30. Na4 g5 31. Nc5 Rc8 32. Kc2 h5 33. g3 Be2 34. f4 gxf4 35. gxf4 Kg8 36. b4 h4 37. Kc3 Rb8 38. Nd7 Rc8+ 39. Kd2 Bf1 40. Nc5 h3 41. Ra3 Rb8 42. Rb3 Kg7 43. Rg3+ Kh6 44. Kc3 Kh5 45. Nd7 Rc8+ 46. Kb3 Rc1 47. Nf6+ Kh6 48. Ng8+ Kh7 49. Nf6+ Kh6 50. Ng4+ Kh7 51. Nf2 Bc4+ 52. Ka3 Rh1 53. Nxh3 Rxh2 54. Ng5+ Kg6 55. Nxe6+ Kf5 56. Nc5 Kxf4 57. Rb3 Rd2 58. Rc3 Rxd4 59. e6 Rd1 60. exf7 Ra1+ 61. Kb2 Ra8 62. f8=Q+ Rxf8 63. Ne6+ Ke5 64. Nxf8 Bf1 65. Rc5 Kd6 66. Ng6 d4 67. Nf4 d3 68. Kc3 d2 69. Kxd2 Bb5 70. Nd3 1-0


[Site "https://www.chess.com"]

[Event "Titled Tuesday Blitz May 2 Early 2023"]
[White "Matveeva, Olga"]
[Black "Lopez, Henry"]
[WhiteFideId "24107018"]
[BlackFideId "5203830"]
[WhiteElo "2056"]
[BlackElo "2177"]
[Result "0-1"]
[Round "06"]
[TimeControl "180+2"]
[Date "2023.05.02"]
[WhiteClock "0:00:06"]
[BlackClock "0:01:03"]

1. d4 d5 2. c4 c6 3. Nf3 Nf6 4. e3 Bf5 5. Nc3 e6 6. Nh4 Be4 7. f3 Bg6 8. Qb3 Qc7 9. Bd2 Nbd7 10. Rc1 a6 11. Be2 Bd6 12. Nxg6 hxg6 13. f4 O-O 14. O-O dxc4 15. Bxc4 b5 16. Bxe6 fxe6 17. Qxe6+ Rf7 18. Rf3 Re8 19. Qb3 c5 20. d5 c4 21. Qc2 Nf8 22. e4 b4 23. e5 bxc3 24. Bxc3 Nxd5 25. exd6 Qb6+ 26. Kh1 Nxc3 27. Qxc3 Qxd6 28. Qxc4 Qe6 29. h3 Qxc4 30. Rxc4 Re2 31. Rb3 Ne6 32. Rbb4 Rd7 33. Kh2 Rdd2 34. Rb8+ Kf7 35. Rb7+ Kf6 36. Rc8 Rxg2+ 37. Kh1 Nxf4 38. Rf8+ Kg5 39. h4+ Kg4 40. Rb4 Rh2+ 41. Kg1 Rdg2+ 0-1


[Site "https://www.chess.com"]